 Dungeon Crawl Stone Soup version 0.20-a0-544-g2b9a704 (webtiles) character file.

419 AlphabetPasta the Sneak (level 6, -1/56 HPs)
             Began as a Deep Dwarf Assassin on Jan 31, 2017.
             Slain by an orc warrior
             ... wielding a +0 mace
              (13 damage)
             ... on level 6 of the Dungeon.
             The game lasted 00:22:55 (3717 turns).

AlphabetPasta the Sneak (Deep Dwarf Assassin)       Turns: 3717, Time: 00:22:56

Health: -1/56      AC: 16    Str: 16    XL:     6   Next: 62%
Magic:  4/4        EV: 13    Int: 11    God:
Gold:   209        SH:  2    Dex: 15    Spells: 5/5 levels left

rFire    + . .     SeeInvis .   u - +0 dagger (vamp)
rCold    . . .     Gourm    .   C - +2 leather armour {rF+}
rNeg     . . .     Faith    .   (no shield)
rPois    .         Spirit   .   w - +2 helmet
rElec    .         Reflect  +   d - +0 cloak
rCorr    .         Harm     .   o - +0 pair of gloves
MR       .....                  r - +0 pair of boots
Stlth    ++++......             y - +2 amulet of reflection
Regen    0.0/turn               t - +5 ring of protection
                                B - ring of stealth

@: non-regenerating
A: damage resistance, recharge devices, sense surroundings 1, slow regeneration
3, wild magic 1
a: Heal Wounds


You were on level 6 of the Dungeon.
You were near starving.

You visited 1 branch of the dungeon, and saw 5 of its levels.

You collected 209 gold pieces.

Inventory:

Hand Weapons
 a - a +2 dagger
 b - a +1 blowgun
 u - a +0 vampiric dagger (weapon)
 v - a +0 hand axe
Missiles
 e - 35 poisoned needles
 f - 2 curare-tipped needles
 s - 77 bolts
 z - 5 tomahawks (quivered)
Armour
 c - a +0 robe
 d - a +0 cloak (worn)
 o - a +0 pair of gloves (worn)
 r - a +0 pair of boots (worn)
 w - a +2 helmet (worn)
 A - a +0 leather armour
 C - a +2 leather armour of fire resistance (worn)
Jewellery
 m - an uncursed ring of fire
 t - a +5 ring of protection (right hand)
 y - a +2 amulet of reflection (around neck)
 B - a ring of stealth (left hand)
Scrolls
 j - 2 scrolls of remove curse
 n - a scroll of magic mapping
 p - a scroll of identify
Potions
 k - 3 potions of curing
 x - 2 potions of flight
Comestibles
 g - 3 bread rations
 h - 2 meat rations
 q - 6 fruits


   Skills:
 + Level 3.1 Fighting
 + Level 3.4 Short Blades
 - Level 2.0 Throwing
 + Level 2.8 Armour
 + Level 3.0 Dodging
 * Level 6.5 Stealth


You had 5 spell levels left.
You didn't know any spells.

Dungeon Overview and Level Annotations

Branches:
Dungeon (4/15)             Temple (0/1) D:6

Altars:
Cheibriados
Nemelex Xobeh


Innate Abilities, Weirdness & Mutations

You are resistant to damage.
You can recharge devices by infusing magical energy.
You passively map a small area around you.
You do not regenerate.
Your spells are a little harder to cast, but a little more powerful.


Message History

The orc warrior is almost dead.
The orc warrior hits you but does no damage.
You barely miss the orc warrior.
The orc warrior is almost dead.
You hit the orc warrior but do no damage.
The orc warrior is almost dead.
The orc warrior closely misses you.
You closely miss the orc warrior.
The orc warrior is almost dead.
The orc warrior closely misses you.
You completely miss the orc warrior.
The orc warrior is almost dead.
You hit the orc warrior but do no damage.
The orc warrior is almost dead.
The orc warrior hits you with a mace!
* * * LOW HITPOINT WARNING * * *
You completely miss the orc warrior.
The orc warrior is almost dead.
The orc warrior hits you with a mace!
You die...

#># #.#*
#.####################
#...o..........$....#
**#.#.################.#
, , #..# #.# .##.##.##
#.# .........############
#.#
...............o@)..###.#
..⌠...⌠..#########...<<.#
.........# ,#####.#.#.###
..?.>..... ,............#
.........# #####.#.#.#.#
..⌠...⌠.Z#, ##...##.# ###
........., ##.## # ##..
....!.. #.# * ###... * *
#######.# .....


You could see an orc warrior.

Vanquished Creatures
  The ghost of crawlisdead the Skirmisher, an amateur MiFi (D:3)
  2 orc priests (D:6)
  An orc wizard (D:6)
  Ijyb (D:2)
  A worker ant (D:4)
  3 gnolls (D:2)
  4 adders (D:2)
  2 oozes
  A worm (D:3)
  2 dart slugs
  5 leopard geckos
  13 orcs
  2 ball pythons
  4 giant cockroaches
  6 goblins
  8 hobgoblins
  7 jackals
  11 kobolds
  A quokka (D:2)
  8 bats
  8 frilled lizards
  7 rats
98 creatures vanquished.

Notes
Turn   | Place    | Note
-------+----------+-------------------------------------------
     0 | D:1      | AlphabetPasta the Deep Dwarf Assassin began the quest for the Orb.
     0 | D:1      | Reached XP level 1. HP: 19/19 MP: 1/1
   300 | D:1      | Reached XP level 2. HP: 13/26 MP: 2/2
   494 | D:1      | Reached skill level 5 in Stealth
   725 | D:1      | Reached skill level 1 in Armour
   725 | D:1      | Reached XP level 3. HP: 25/32 MP: 3/3
  1194 | D:2      | Reached XP level 4. HP: 15/40 MP: 4/4
  1652 | D:2      | Found a snail-covered altar of Cheibriados.
  1862 | D:2      | Noticed Ijyb
  1867 | D:2      | Killed Ijyb
  2045 | D:2      | Reached XP level 5. HP: 25/46 MP: 5/5
  2355 | D:3      | Noticed crawlisdead's ghost (amateur MiFi)
  2474 | D:3      | Killed crawlisdead's ghost
  2474 | D:3      | Reached skill level 6 in Stealth
  2503 | D:3      | Found a sparkling altar of Nemelex Xobeh.
  2724 | D:3      | Reached XP level 6. HP: 50/55 MP: 5/5
  3296 | D:4      | You fall through a shaft for 2 floors!
  3305 | D:6      | Gained mutation: Your spells are a little harder to cast, but a little more powerful. [potion of beneficial mutation]
  3407 | D:6      | Noticed an orc warrior
  3549 | D:6      | Found a staircase to the Ecumenical Temple.
  3717 | D:6      | Slain by an orc warrior

Vault maps used:
D:1:      dpeg_arrival_long_road, minmay_lizard_king
D:2:      nicolae_overflow_hidden_temple, minmay_hexomino_c4, uniq_iyjb
D:3:      kennysheep_big_flooded_room, old_standard_altar
D:4:      lemuel_crystal_altar, first_bread, uniq_blork_the_orc, uniq_grinder
D:6:      minmay_temple_entry_large_hall

Skill      XL: |  1  2  3  4  5  6 |
---------------+-------------------+-----
Short Blades   | 2 3 |  3.4
Throwing       | 2 |  2.0
Fighting       | 2 3 |  3.1
Stealth        | 5 6 |  6.5
Armour         | 1 2 |  2.8
Dodging        | 2 3 |  3.0

Action                   |  1- 3 |  4- 6 || total
-------------------------+-------+-------++-------
Melee: Dagger            |   125 |   480 ||   605
 Abil: Heal Wounds       |     1 |    14 ||    15
  Use: Scroll            |     2 |    15 ||    17
       Potion            |       |     3 ||     3
 Stab: Sleeping          |     4 |     8 ||    12
       Distracted        |       |     1 ||     1
  Eat: Chunk             |     1 |     7 ||     8
       Fruit             |       |     3 ||     3
       Royal jelly       |       |     1 ||     1
Armor: Robe              |    28 |    65 ||    93
       Leather armour    |       |    52 ||    52
Dodge: Dodged            |    64 |   191 ||   255
Block: Other             |       |    24 ||    24
